 Dungeon Crawl Stone Soup version 0.29-a0-506-ga2e7fffb44 (webtiles) character file.

Game seed: 6216453914583481973

78415 Sobieck the Slicer (level 15, -1/76 HPs)
             Began as a Vine Stalker Brigand on May 28, 2022.
             Was the Champion of Hepliaklqana.
             Killed by divine providence
             ... invoked by a meliai
              (9 damage)
             ... on level 14 of the Dungeon.
             The game lasted 00:52:14 (19089 turns).

Sobieck the Slicer (Vine Stalker Brigand)          Turns: 19089, Time: 00:52:15

Health: -1/76      AC: 18    Str: 14    XL:     15   Next: 60%
Magic:  0/30       EV: 20    Int: 15    God:    Hepliaklqana [******]
Gold:   1805       SH: 13    Dex: 26    Spells: 14/14 levels left

rFire   + + .      SeeInvis +   T - +8 rapier of Dithmenos, Ageing {venom, rElec rF+ Dex-3 SInv, short}
rCold   . . .      Faith    .   g - +2 buckler {AC+3}
rNeg    . . .      Spirit   +   v - +0 troll leather armour
rPois   .          Reflect  +   x - +2 helmet
rElec   +          Harm     .   c - +1 cloak
rCorr   +          Rampage  .   I - -1 pair of gloves "Geawal" {rF+ rCorr}
Will    +....                   h - +2 pair of boots of the Barracuda {Int+4}
Stlth   +++++.....              N - amulet of reflection
HPRegen 1.82/turn               q - +6 ring of dexterity
MPRegen 0.22/turn               Z - ring of magical power

@: mighty, on berserk cooldown, hasted and slowed
A: reduced essence, fangs 3, regeneration 1, magic shield, antimagic bite, no
potion heal 2
a: Renounce Religion, Recall Ancestor, Ancestor Identity, Transference, Idealise


You were on level 14 of the Dungeon.
You worshipped Hepliaklqana.
Hepliaklqana was exalted by your worship.
You visited 4 branches of the dungeon, and saw 23 of its levels.
You also visited: Sewer and Bailey.

You collected 3190 gold pieces.
You spent 1385 gold pieces at shops.


Innate Abilities, Weirdness & Mutations

Your life essence is reduced to manifest your ancestor. (-10% HP)
You have razor-sharp teeth.
Your natural rate of healing is unusually fast.
When hurt, damage is shared between your health and your magic reserves.
Your bite disrupts and absorbs the magic of your enemies.
Potions cannot restore your health.


   Skills:
 + Level 12.5 Fighting
 - Level 14.0 Short Blades
 - Level 1.7 Throwing
 + Level 9.6 Armour
 + Level 9.6 Dodging
 + Level 8.8 Stealth
 - Level 4.0 Shields
 + Level 7.3 Invocations


You had 14 spell levels left.
You didn't know any spells.
Your spell library contained the following spells:

 Spells                   Type           Power      Damage    Failure   Level
 Freeze                   Ice            0%         1d3       38%         1
 Magic Dart               Conj           0%         1d3       38%         1
 Call Imp                 Summ           0%         N/A       54%         2
 Conjure Flame            Conj/Fire      0%         6-21      77%         3
 Frozen Ramparts          Ice            0%         1d2       77%         3
 Ignite Poison            Fire/Tmut/Pois 0%         N/A       77%         3
 Inner Flame              Hex/Fire       0%         N/A       77%         3
 Mephitic Cloud           Conj/Pois/Air  0%         N/A       77%         3
 Stone Arrow              Conj/Erth      0%         3d7       77%         3
 Animate Armour           Summ/Erth      0%         N/A       99%         4
 Animate Dead             Necr           0%         N/A       99%         4
 Cause Fear               Hex            0%         N/A       99%         4
 Hailstorm                Conj/Ice       0%         3d3       99%         4
 Petrify                  Tmut/Erth      0%         N/A       99%         4
 Sticky Flame             Conj/Fire      0%         2d3       99%         4
 Blade Hands              Tmut           0%         N/A       100%        5
 Irradiate                Conj/Tmut      0%         3d13      100%        5
 Metabolic Englaciation   Hex/Ice        0%         N/A       100%        5
 Statue Form              Tmut/Erth      0%         N/A       100%        6
 Dragon Form              Tmut           0%         N/A       100%        7
 Haunt                    Necr/Summ      0%         N/A       100%        7
 Discord                  Hex            0%         N/A       100%        8
 Infestation              Necr           0%         N/A       100%        8
 Lehudib's Crystal Spear  Conj/Erth      0%         10d2      100%        8

Inventory:

Hand Weapons
 a - a +6 spectral rapier {short}
   (You found it on level 6 of the Dungeon)
 b - a +0 hunting sling {sling}
   (You bought it in a shop on level 4 of the Dungeon)
 R - a +1 short sword of electrocution {short}
   (You took it off an orc on level 6 of the Dungeon)
 T - the +8 rapier of Dithmenos, Ageing (weapon) {venom, rElec rF+ Dex-3 SInv, short}
   (You bought it in a shop on level 2 of the Orcish Mines)

   It poisons the flesh of those it strikes.
   Dex:       It affects your dexterity (-3).
   rF:        It protects you from fire.
   rElec:     It insulates you from electricity.
   SInv:      It lets you see invisible.
 V - a +3 short sword of venom {short}
   (You took it off a kobold in a sewer)
Missiles
 d - 50 poisoned darts (quivered) {throwing}
 e - 3 curare-tipped darts {=fthrowing}
 i - 4 javelins {throwing}
 j - 5 atropa-tipped darts {throwing}
 l - 643 stones {throwing}
 J - 4 silver boomerangs {throwing}
 L - 2 throwing nets {=f!fthrowing}
Armour
 c - a +1 cloak (worn)
 g - a +2 buckler of protection (worn)
   (You acquired it on level 4 of the Dungeon)
 h - the +2 pair of boots of the Barracuda (worn) {Int+4}
   (You bought it in a shop on level 7 of the Dungeon)

   Int:       It affects your intelligence (+4).
 v - a +0 troll leather armour (worn)
   (You found it on level 9 of the Dungeon)
 x - a +2 helmet (worn)
   (You found it on level 3 of the Dungeon)
 I - the -1 pair of gloves "Geawal" (worn) {rF+ rCorr}
   (You bought it in a shop on level 7 of the Dungeon)

   rF:        It protects you from fire.
   rCorr:     It protects you from acid and corrosion.
 W - a +1 pair of boots
   (You found it on level 6 of the Dungeon)
 X - a +0 leather armour
   (You took it off an orc on level 6 of the Dungeon)
Jewellery
 m - a ring of willpower
   (You found it on level 9 of the Dungeon)
 q - a +6 ring of dexterity (left hand)
   (You found it on level 1 of the Dungeon)
 t - a ring of willpower
   (You found it on level 9 of the Dungeon)
 u - a ring of see invisible
   (You found it on level 11 of the Dungeon)
 H - a ring of flight
   (You found it on level 12 of the Dungeon)
 N - an amulet of reflection (around neck)
   (You bought it in a shop on level 2 of the Orcish Mines)
 O - a ring of fire
   (You found it on level 5 of the Dungeon)
 Z - a ring of magical power (right hand)
   (You found it on level 3 of the Lair of Beasts)
Wands
 r - a wand of iceblast (13)
   (You found it on level 11 of the Dungeon)
 M - a wand of mindburst (6)
   (You found it on level 13 of the Dungeon)
 Q - a wand of flame (42)
   (You found it on level 6 of the Dungeon)
Scrolls
 k - 3 scrolls of vulnerability {!r!r}
 o - 11 scrolls of identify {@r1}
 y - 3 scrolls of summoning
 A - 6 scrolls of blinking {!r}
 F - a scroll of brand weapon
 G - 13 scrolls of teleportation {@r4}
 K - a scroll of fear
 P - 5 scrolls of magic mapping {!r}
 U - a scroll of fog
Potions
 f - 3 potions of brilliance
 n - 5 potions of flight
 p - 3 potions of mutation {!q}
 s - 4 potions of cancellation
 w - 6 potions of invisibility
 z - 4 potions of lignification {!q}
 B - 2 potions of ambrosia
 C - 6 potions of curing {@q1}
 D - 4 potions of haste {@q3}
Miscellaneous
 Y - a box of beasts
   (You found it on level 1 of the Lair of Beasts)

Dungeon Overview and Level Annotations

Branches:
Dungeon (14/15)            Temple (0/1) D:5            Lair (6/6) D:9
 Shoals (0/4) Lair:4       Spider (1/4) Lair:4        Slime (0/5) Lair:5
    Orc (2/2) D:10            Elf (0/3) Orc:2         Sewer (visited)
 Bailey (visited)
 Vaults: D:13-14

Altars:
Cheibriados
Dithmenos
Gozag
Hepliaklqana
Makhleb
Nemelex Xobeh
Okawaru
Qazlal
Ru
Sif Muna
Trog
Zin

Shops:
D:4 (   D:7 [   D:11 *   Orc:2 (:(=

Portals:
Hell: Lair:6

Annotations:
D:4 1 runed translucent door, Crazy Yiuf
D:14 1 transporter, royokou's ghost, journeyman TrFi

#############
##.....#.....##
###.............##
#..................#
#..........R.......#
#.........y@<......#
#...................
........>..........#
..................#
...####.............##
....................#
...###..##.#.#####...
#.###..##.#.# #..
.#..>...##...##


You could see the friendly Fikile the hexer and a meliai (ally target).


Message History

There is a stone staircase leading up, spattered with blood here.
Danger!
You block Agnes's attack. The meliai hits you but does no damage.
You block the meliai's attack.
Agnes hits you with a +2 vampiric lajatang!!
* * * LOW HITPOINT WARNING * * *
Fikile casts a spell at Agnes.
Agnes resists with almost no effort.
The meliai invokes the aid of its god against you.
Something smites you!
* * * LOW HITPOINT WARNING * * *
You climb upwards.
There is a stone staircase leading down here.
Unknown command.
You feel yourself speed up. You block Agnes's attack.
The meliai completely misses you. The meliai closely misses you.
Agnes hits you but does no damage.
Fikile misses Agnes.
The meliai completely misses you. You block the meliai's attack.
You feel very mighty all of a sudden.
Agnes hits you with a +2 vampiric lajatang!
* * * LOW HITPOINT WARNING * * *
The meliai completely misses you.
The meliai stings you but does no damage.
Fikile hits Agnes with a +0 dagger of draining.
Unknown command.
Really quaff
S - a potion of berserk rage {!q}?
A red film seems to cover your vision as you go berserk!
You feel yourself moving faster!
You feel mighty!
The meliai hits you with a +0 broad axe.
* * * LOW HITPOINT WARNING * * *
The meliai closely misses you. Agnes barely misses you.
Fikile completely misses Agnes.
Unknown command.
You closely miss Agnes. Your bite misses Agnes. The meliai closely misses you.
You block the meliai's attack. You block Agnes's attack.
Fikile hits Agnes with a +0 dagger of draining.
Fikile drains Agnes.
You impale Agnes!!
Agnes looks as sick as possible!
You bite Agnes! You drain her power.
You feel invigorated. You block the meliai's attack.
The meliai closely misses you.
Fikile casts a spell at Agnes.
Agnes resists with almost no effort.
Agnes closely misses Fikile.
You catch the helpless Agnes completely off-guard!
You stick Agnes like a pincushion!!!
You kill Agnes!
You block the meliai's attack. x2
Fikile hits the meliai with a +0 dagger of draining!
Things that are here:
a +2 vampiric lajatang {staff}; a +0 robe; the spriggan corpse of Agnes Unknown command.
You puncture the meliai! Your bite misses the meliai. The meliai misses you.
The meliai hits Fikile with a +0 broad axe!
The meliai closely misses you.
Fikile hits the meliai with a +0 dagger of draining.
You catch the helpless meliai completely off-guard!
You perforate the meliai like a sieve!!!
You kill the meliai!
There is a stone staircase leading down, spattered with blood here.
Things that are here:
a +0 broad axe {axe}; a +0 leather armour Unknown command.
You start resting.
You feel a strong urge to attack something.
Unknown command.
Unknown command.
You are no longer berserk.
You are exhausted.
You feel yourself slow down.
You climb downwards.
Level annotation: 1 transporter, royokou's ghost, journeyman TrFi The meliai calls down the wrath of its god upon you.
Something smites you!
* * * LOW HITPOINT WARNING * * *
The troll bites you but does no damage. The troll barely misses you.
You block the troll's attack. x2; The troll closely misses you.
The troll claws you.
* * * LOW HITPOINT WARNING * * *
There is a stone staircase leading up, spattered with blood here.
Danger!
You puncture the meliai!
The meliai looks as sick as possible!
You bite the meliai!
You kill the meliai!
The meliai hits you but does no damage.
The meliai stings you but does no damage.
The troll misses you.
The troll claws you but does no damage. x2
Fikile hits the troll with a +0 dagger of draining.
Fikile drains the troll.
You block the meliai's attack. The meliai stings you.
* * * LOW HITPOINT WARNING * * *
Things that are here:
a +0 broad axe {axe}; a +0 robe; a meliai corpse Unknown command.
You impale the troll!! You bite the troll.
You kill the troll!
You block the meliai's attack.
The meliai hits Fikile but does no damage.
You block the meliai's attack.
You puncture the meliai! Your bite misses the meliai.
The meliai calls down the wrath of its god upon you.
Something smites you!
You die...

Skill      XL: |  1  2  3  4  5  6  7  8  9 10 11 12 13 14 15 |
---------------+----------------------------------------------+-----
Fighting       | 2 3 6 8 10 12 | 12.5
Short Blades   | 2 3 5 6 8 11 14 | 14.0
Stealth        | 5 6 7 8 |  8.8
Shields        | 1 2 3 4 |  4.0
Invocations    | 4 5 6 7 |  7.3
Dodging        | 2 5 7 9 |  9.6
Armour         | 2 5 7 9 |  9.6
Throwing       | |  1.7

Action                   |  1- 3 |  4- 6 |  7- 9 | 10-12 | 13-15 || total
-------------------------+-------+-------+-------+-------+-------++-------
Melee: Dagger            |    77 |   194 |       |       |       ||   271
       Bite              |    15 |    70 |    91 |   272 |   347 ||   795
       Short sword       |       |    58 |   267 |   466 |       ||   791
       Rapier            |       |       |       |   189 |   797 ||   986
       Unarmed           |       |       |       |       |     6 ||     6
 Fire: Hunting sling     |       |       |    83 |       |       ||    83
Throw: Dart              |     5 |       |       |     3 |       ||     8
Invok: Recall Ancestor   |       |       |     1 |       |     2 ||     3
       Ancestor Life: He |       |       |       |     1 |       ||     1
  Use: Scroll            |       |    14 |     6 |    10 |     7 ||    37
       Potion            |       |       |       |     7 |     4 ||    11
 Stab: Sleeping          |     8 |    13 |     7 |     6 |     6 ||    40
       Distracted        |       |       |     1 |    10 |    37 ||    48
       Confused          |       |       |       |     5 |    23 ||    28
       Paralysed         |       |       |       |       |    14 ||    14
Armor: Robe              |    17 |    88 |    38 |       |       ||   143
       Leather armour    |       |       |    12 |     7 |       ||    19
       Chain mail        |       |       |       |   142 |       ||   142
       Troll leather arm |       |       |       |    42 |   164 ||   206
Dodge: Dodged            |    37 |   140 |    89 |   133 |   395 ||   794
Block: Buckler           |       |    43 |    60 |   141 |   218 ||   462

Levels and vault maps discovered:
D:1:      nagdon_arrival_double_spiral, layout_basic
D:2:      layout_loops_corners, ebering_ecumenical_altar_rust
D:3:      layout_loops_ring, mainiacjoe_overflow_paths, kennysheep_donut
D:4:      layout_basic, serial_shops, nicolae_shop_waterfront,
          lightli_sewer_entry_pipes, minmay_misc_feat_tiny,
          uniq_crazy_yiuf_cottage
D:5:      kennysheep_six_static_rooms, layout_rooms,
          mainiacjoe_overflow_small_starburst, kennysheep_little_box,
          riverfiend_overflow_shadow_ancestor, minmay_temple_entry_glassed_door,
          uniq_eustachio
D:6:      layout_basic, mainiacjoe_overflow_concentric_impassable,
          grunt_decor_arrowhead, nicolae_lava_and_water,
          kennysheep_generic_room_12
D:7:      layout_basic, serial_shops, nicolae_shop_hallway_plus, uniq_menkaure,
          uniq_duvessa
D:8:      layout_cave_pools, trog_butcher_becter, chequers_jeans,
          minmay_curled_crystal, uniq_pikel
D:9:      layout_irregular_city, grunt_temple_overflow_opulence, slow_altar_1,
          erik_lair_orcish_takeover
D:10:     layout_cave_pools, nicolae_qazlal_general_emergency, david_orc_3,
          enter_bailey_2, minmay_misc_feat_room
D:11:     layout_loops_ring, serial_shops, nicolae_shop_stone,
          serial_bayou_pond_d, minmay_fractal_squares_diagonal_5
D:12:     layout_basic
D:13:     layout_grid_maze, uniq_frances, uniq_azrael
D:14:     minmay_gate_of_8, layout_rooms, david_vaults_5, gammafunk_ghost_arena,
          hangedman_decor_diamond_cutter, serial_park_tiny_pond, minivault_20,
          nicolae_ru_great_annihilating_truth, uniq_lodul, uniq_agnes,
          uniq_jorgrun
Lair:1:   layout_chaotic_city, basic_altar, lemuel_old_faithful
Lair:2:   layout_regular_city, grunt_megastairs_3, infiniplex_staircase_pool_2,
          lemuel_fruit_fields
Lair:3:   layout_cave_pods
Lair:4:   layout_cellular_growth, elwin_shoals_entry_rocks,
          spider_nest_entry_webs
Lair:5:   layout_cave_shapes, nicolae_slime_entry_slimehenge,
          infiniplex_staircase_pool, uniq_kirke
Lair:6:   evil_forest, layout_gridlike, hangedman_lair_unloving_vines,
          nicolae_lair_grove_arrangements, uniq_josephine, uniq_snorg
Spider:1: layout_spider_delve, guppyfry_spider_mini_2, uniq_rupert
Orc:1:    layout_caves
Orc:2:    st_orc_mages, layout_caves

Notes
Turn   | Place    | Note
-------+----------+-------------------------------------------
     0 | D:1      | Sobieck the Vine Stalker Brigand began the quest for the
                  | Orb.
     0 | D:1      | Reached XP level 1. HP: 11/11 MP: 2/2
   281 | D:1      | Reached skill level 2 in Fighting
   281 | D:1      | Reached skill level 2 in Short Blades
   281 | D:1      | Reached skill level 5 in Stealth
   343 | D:1      | Reached XP level 2. HP: 15/15 MP: 3/3
   640 | D:1      | Reached XP level 3. HP: 16/18 MP: 2/4
  1349 | D:2      | Gained mutation: Your natural rate of healing is unusually
                  | fast. [Vine Stalker growth]
  1349 | D:2      | Reached XP level 4. HP: 23/23 MP: 5/5
  1446 | D:2      | Found a faded altar of an unknown god.
  2192 | D:3      | Reached skill level 3 in Fighting
  2210 | D:3      | Reached skill level 3 in Short Blades
  2210 | D:3      | Reached skill level 6 in Stealth
  2210 | D:3      | Reached XP level 5. HP: 28/28 MP: 6/6
  2500 | D:3      | Found an iron altar of Okawaru.
  2812 | D:4      | Identified a scroll of acquirement
  2812 | D:4      | Acquired a +0 buckler of protection
  2823 | D:4      | You pick up a book of Hexes and begin reading...
  2823 | D:4      | You add the spells Inner Flame, Cause Fear and Discord to
                  | your library.
  3070 | D:4      | Reached skill level 1 in Shields
  3088 | D:4      | Reached XP level 6. HP: 29/32 MP: 4/7
  3102 | D:4      | Reached skill level 4 in Short Blades
  3114 | D:4      | Found a glowing drain.
  3132 | Sewer    | Entered a sewer
  3338 | Sewer    | Reached skill level 2 in Shields
  3413 | Sewer    | Reached skill level 5 in Short Blades
  3413 | Sewer    | Reached XP level 7. HP: 31/36 MP: 6/8
  3561 | D:4      | Found a runed translucent door.
  3562 | D:4      | Noticed Crazy Yiuf
  3630 | D:4      | Reached skill level 3 in Shields
  3646 | D:4      | Found Juoxt's Weapon Shop.
  3719 | D:4      | Bought a +0 hunting sling for 16 gold pieces
  3763 | D:4      | You pick up a book of Armaments and begin reading...
  3763 | D:4      | You add the spells Stone Arrow, Animate Armour and
                  | Lehudib's Crystal Spear to your library.
  4232 | D:5      | Entered Level 5 of the Dungeon
  4261 | D:5      | Found a glowing silver altar of Zin.
  4272 | D:5      | Reached skill level 6 in Short Blades
  4327 | D:5      | Gained mutation: You have razor-sharp teeth. [Vine Stalker
                  | growth]
  4327 | D:5      | Reached XP level 8. HP: 28/40 MP: 5/9
  4376 | D:5      | Found a hazy altar of Hepliaklqana.
  4381 | D:5      | Found a shadowy altar of Dithmenos.
  4382 | D:5      | Noticed a shadow
  4388 | D:5      | Became a worshipper of Hepliaklqana the Forgotten
  4413 | D:5      | Noticed Eustachio
  4427 | D:5      | Killed Eustachio
  4448 | D:5      | Found a staircase to the Ecumenical Temple.
  4462 | D:5      | Reached skill level 4 in Shields
  4490 | D:5      | Reached skill level 7 in Short Blades
  4684 | D:5      | Reached skill level 8 in Short Blades
  4807 | D:5      | Reached XP level 9. HP: 38/44 MP: 10/10
  4852 | D:5      | Acquired 800 gold pieces
  4993 | D:5      | Found a sacrificial altar of Ru.
  5163 | D:6      | Reached skill level 9 in Short Blades
  5321 | D:6      | Reached * piety under Hepliaklqana
  5330 | D:6      | Found a shimmering blue altar of Sif Muna.
  5680 | D:7      | Reached skill level 10 in Short Blades
  5993 | D:7      | Noticed Menkaure
  6003 | D:7      | Killed Menkaure
  6017 | D:7      | Found Doickobidd's Antique Armour Shoppe.
  6038 | D:7      | Reached skill level 11 in Short Blades
  6046 | D:7      | Bought a pair of smoking gloves for 218 gold pieces
  6046 | D:7      | Identified the -1 pair of gloves "Geawal" {rF+ rCorr} (You
                  | bought it in a shop on level 7 of the Dungeon)
  6046 | D:7      | Bought a pair of encrusted boots for 218 gold pieces
  6046 | D:7      | Identified the +2 pair of boots of the Barracuda {Int+4}
                  | (You bought it in a shop on level 7 of the Dungeon)
  6077 | D:7      | Noticed a red ugly thing
  6083 | D:7      | Noticed a komodo dragon
  6222 | D:7      | Noticed Duvessa
  6222 | D:7      | Noticed Dowan
  6233 | D:7      | Killed Duvessa
  6244 | D:7      | Killed Dowan
  6245 | D:7      | Reached XP level 10. HP: 43/44 MP: 8/11
  6407 | D:7      | Reached skill level 12 in Short Blades
  6485 | D:7      | Killed a red ugly thing
  6615 | D:7      | Bought a jewelled chain mail for 218 gold pieces
  6615 | D:7      | Identified the +7 chain mail of the Quahog {Rampage rC-
                  | rN+++ Will+} (You bought it in a shop on level 7 of the
                  | Dungeon)
  6679 | D:8      | Noticed Pikel
  6752 | D:8      | Killed Pikel
  6887 | D:8      | Reached skill level 13 in Short Blades
  7014 | D:8      | Found a bloodstained altar of Trog.
  7132 | D:8      | Reached ** piety under Hepliaklqana
  7382 | D:9      | Reached skill level 14 in Short Blades
  7382 | D:9      | Reached XP level 11. HP: 41/46 MP: 10/12
  7396 | D:9      | Reached skill level 1 in Invocations
  7595 | D:9      | Found a staircase to the Lair.
  7610 | D:9      | Reached skill level 2 in Invocations
  7782 | D:9      | Reached skill level 4 in Fighting
  7782 | D:9      | Reached skill level 7 in Stealth
  7803 | D:9      | Reached skill level 3 in Invocations
  7922 | D:9      | Found a snail-covered altar of Cheibriados.
  8077 | D:9      | Reached skill level 5 in Fighting
  8077 | D:9      | Reached skill level 4 in Invocations
  8133 | D:9      | Found a sparkling altar of Nemelex Xobeh.
  8134 | D:9      | Found an opulent altar of Gozag.
  8134 | D:9      | Reached *** piety under Hepliaklqana
  8205 | D:9      | Remembered your ancestor Fikile as a hexer
  8213 | D:10     | Entered Level 10 of the Dungeon
  8252 | D:10     | Reached skill level 6 in Fighting
  8278 | D:10     | Reached skill level 1 in Dodging
  8321 | D:10     | You pick up a book of Frost and begin reading...
  8321 | D:10     | You add the spells Freeze, Frozen Ramparts and Hailstorm to
                  | your library.
  8328 | D:10     | Found a flagged portal.
  8338 | Bailey   | Entered a bailey
  8453 | Bailey   | Reached skill level 1 in Armour
  8537 | Bailey   | Noticed an orc knight
  8552 | Bailey   | Killed an orc knight
  8553 | Bailey   | Reached skill level 2 in Dodging
  8593 | Bailey   | Noticed an orc warlord
  8618 | D:10     | Found a staircase to the Orcish Mines.
  8706 | Orc:1    | Entered Level 1 of the Orcish Mines
  8711 | Orc:1    | Reached skill level 2 in Armour
  8831 | D:10     | Reached XP level 12. HP: 55/55 MP: 16/16
  8837 | D:10     | You pick up a book of Minor Magic and begin reading...
  8837 | D:10     | You add the spells Magic Dart, Call Imp and Mephitic Cloud
                  | to your library.
  8862 | D:10     | Reached **** piety under Hepliaklqana
  9015 | D:10     | Found a stormy altar of Qazlal.
  9228 | D:11     | Noticed a four-headed hydra
  9235 | D:11     | Killed a four-headed hydra
  9236 | D:11     | Reached skill level 7 in Fighting
  9236 | D:11     | Reached skill level 3 in Armour
  9236 | D:11     | Reached skill level 3 in Dodging
  9299 | D:11     | You add the spells Conjure Flame, Ignite Poison and Sticky
                  | Flame to your library.
  9307 | D:11     | You pick up a book of Transfigurations {@e2} and begin
                  | reading...
  9307 | D:11     | You add the spells Irradiate, Blade Hands and Dragon Form
                  | to your library.
  9421 | D:11     | Reached skill level 4 in Dodging
  9745 | D:11     | Found Yninatzu's General Store.
  9749 | D:11     | Bought a scroll of blinking for 127 gold pieces
 10026 | D:12     | You pick up a book of Death and begin reading...
 10026 | D:12     | You add the spells Animate Dead, Haunt and Infestation to
                  | your library.
 10072 | D:12     | Reached skill level 4 in Armour
 10089 | D:12     | Reached ***** piety under Hepliaklqana
 10281 | D:12     | Noticed a six-headed hydra
 10292 | D:12     | Killed a six-headed hydra
 10562 | D:13     | Noticed a boulder beetle
 10577 | D:13     | Killed a boulder beetle
 10606 | D:13     | Noticed an eight-headed hydra
 10614 | D:13     | Killed an eight-headed hydra
 10615 | D:13     | Reached skill level 8 in Fighting
 10624 | D:13     | Noticed Azrael
 10636 | D:13     | Noticed a centaur warrior
 10639 | D:13     | Killed Azrael
 10640 | D:13     | Reached skill level 5 in Invocations
 10733 | Lair:1   | Entered Level 1 of the Lair of Beasts
 10744 | Lair:1   | You pick up a book of Sloth and begin reading...
 10744 | Lair:1   | You add the spells Petrify, Metabolic Englaciation and
                  | Statue Form to your library.
 10965 | Lair:1   | Reached skill level 5 in Dodging
 11226 | Lair:1   | Found a hazy altar of Hepliaklqana.
 11462 | Lair:2   | Reached skill level 5 in Armour
 11604 | Lair:2   | Reached XP level 13. HP: 62/62 MP: 18/18
 11676 | Lair:2   | Reached skill level 6 in Invocations
 12225 | Lair:3   | Reached skill level 9 in Fighting
 12285 | Lair:3   | Reached skill level 6 in Dodging
 12292 | Lair:3   | Reached skill level 6 in Armour
 13387 | Lair:4   | Found a hole to the Spider Nest.
 13427 | Lair:4   | Reached skill level 7 in Dodging
 13437 | Lair:4   | Found a staircase to the Shoals.
 13444 | Lair:4   | Reached ****** piety under Hepliaklqana
 13486 | Lair:4   | Reached skill level 7 in Armour
 13577 | Lair:4   | Identified the +7 morningstar of the Endless Yaks {freeze,
                  | Stlth+}
 13888 | Lair:5   | Noticed Kirke
 13889 | Lair:5   | Found a staircase to the Slime Pits.
 14003 | Lair:5   | Reached skill level 10 in Fighting
 14327 | Lair:5   | Killed Kirke
 14328 | Lair:5   | Reached XP level 14. HP: 69/69 MP: 19/19
 14600 | Lair:6   | Entered Level 6 of the Lair of Beasts
 14667 | Lair:6   | Reached skill level 8 in Dodging
 14679 | Lair:6   | Reached skill level 8 in Armour
 14878 | Lair:6   | Reached skill level 11 in Fighting
 15162 | Lair:6   | Noticed Snorg
 15181 | Lair:6   | Killed Snorg
 15434 | Lair:6   | Noticed Josephine
 15465 | Lair:6   | Killed Josephine
 15466 | Lair:6   | Reached skill level 9 in Dodging
 15484 | Lair:6   | Found a burning altar of Makhleb.
 15498 | Lair:6   | Reached skill level 9 in Armour
 15557 | Lair:6   | Found a gateway to Hell.
 16056 | D:13     | Reached skill level 12 in Fighting
 16161 | D:13     | Noticed Frances
 16170 | D:13     | Killed Frances
 16171 | D:13     | Reached XP level 15. HP: 74/75 MP: 20/20
 16390 | D:13     | Identified the +5 war axe "Keipuxt" {vorpal, Drain rElec
                  | Will- Str+7}
 16739 | D:14     | Found a transporter.
 16741 | D:14     | Noticed a fire giant
 16746 | D:14     | Noticed Agnes
 16750 | D:14     | Identified the +10 long sword "Killer Klown's Peril"
                  | {freeze, SInv}
 16750 | D:14     | Noticed royokou's ghost (journeyman TrFi)
 16756 | D:14     | HP: 13/75 [Agnes/+2 vampiric lajatang (21)]
 16990 | Orc:1    | Noticed an orc warlord
 17028 | Orc:1    | Killed an orc warlord
 17453 | Orc:2    | Entered Level 2 of the Orcish Mines
 17586 | Orc:2    | Reached skill level 8 in Stealth
 17755 | Orc:2    | Found a staircase to the Elven Halls.
 17860 | Orc:2    | Found Xegixir's Antique Weapon Shoppe.
 17860 | Orc:2    | Found Ogiy's Weapon Emporium.
 17863 | Orc:2    | Found Lety's Jewellery Emporium.
 17868 | Orc:2    | Found Xekekol's Book Shoppe.
 17890 | Orc:2    | Reached skill level 7 in Invocations
 17901 | Orc:2    | Bought an amulet of reflection for 300 gold pieces
 17910 | Orc:2    | Bought a translucent rapier for 288 gold pieces
 17910 | Orc:2    | Identified the +8 rapier of Dithmenos, Ageing {venom, rElec
                  | rF+ Dex-3 SInv} (You bought it in a shop on level 2 of the
                  | Orcish Mines)
 18399 | Spider:1 | Entered Level 1 of the Spider Nest
 19071 | D:14     | HP: 15/76 [meliai/divine providence (8)]
 19074 | D:13     | HP: 7/76 [Agnes/+2 vampiric lajatang (14)]
 19078 | D:13     | Killed Agnes
 19085 | D:14     | HP: 7/76 [meliai/divine providence (8)]
 19089 | D:14     | Killed from afar by a meliai

Vanquished Creatures
  Agnes (D:13)
  Frances (D:13)
  Kirke (Lair:5)
  An orc warlord (Orc:1)
  Azrael (D:13)
  Snorg (Lair:6)
  4 boulder beetles
  4 hydras
  A catoblepas (Lair:3)
  A centaur warrior (D:13)
  4 death yaks (Lair:6)
  4 orc high priests (Orc:2)
  A sixfirhy (Lair:6)
  A wizard (Lair:6)
  2 deep elf pyromancers (D:12)
  2 orc knights
  Pikel (D:8)
  An ugly thing (D:7)
  3 orc sorcerers
  2 cyclopes
  A wolf spider (Spider:1)
  9 elephants
  A manticore (D:13)
  6 black mambas
  9 cane toads
  A smoke demon (Lair:6)
  An unseen horror (D:11)
  3 orange demons (Lair:6)
  A kobold demonologist (D:11)
  7 rime drakes
  8 komodo dragons
  An ice devil (Lair:6)
  2 red devils (Lair:6)
  2 meliai
  6 trolls
  A polar bear (Lair:6)
  2 tarantellas (Spider:1)
  9 slime creatures
  10 blink frogs
  3 dream sheep
  6 jumping spiders (Spider:1)
  3 culicivoras (Spider:1)
  4 wraiths
  77 yaks
  2 vampires
  A fire elemental (D:13)
  3 hogs (Lair:5)
  Eustachio (D:5)
  3 basilisks
  7 wyverns
  7 redbacks
  2 vampire mosquitoes (D:13)
  5 wargs
  Menkaure (D:7)
  22 water moccasins
  5 hell hounds
  Duvessa (D:7)
  3 ice beasts
  32 orc warriors
  A sky beast (D:7)
  2 black bears
  5 ogres
  4 centaurs
  3 lemures (D:7)
  11 wolves
  A hexer (Spider:1)
  4 kobold brigands
  18 bullfrogs
  A necrophage (D:5)
  9 scorpions
  A gnoll sergeant (D:7)
  12 wights
  Dowan (D:7)
  3 howler monkeys (D:8)
  A lava snake (Lair:6)
  3 hounds
  4 jellies (Lair:5)
  A gnoll shaman (D:8)
  26 orc priests
  8 iguanas
  21 orc wizards
  18 gnolls
  11 adders
  2 river rats (D:4)
  A shadow imp (D:6)
  A white imp (D:6)
  An ufetubus (D:6)
  10 worms
  A dart slug (D:2)
  65 orcs
  4 bats
  10 endoplasms
  7 giant cockroaches
  16 goblins
  12 hobgoblins
  8 jackals
  3 quokkas
  3 ball pythons
  3 frilled lizards
  28 kobolds
  9 rats
658 creatures vanquished.

Vanquished Creatures (collateral kills)
  Josephine (Lair:6)
  2 death yaks (Lair:6)
  A cyclops (D:11)
  A black mamba (Lair:6)
  A gargoyle (D:12)
  A cane toad (Lair:3)
  A komodo dragon (D:7)
  A troll (Orc:2)
  2 jumping spiders (Spider:1)
  A wyvern (D:11)
  6 yaks
  A fire elemental (D:13)
  A warg (D:9)
  2 water moccasins (Lair:6)
  3 orc warriors
  2 wolves (Lair:3)
  A necrophage (D:6)
  A bullfrog (D:8)
  A howler monkey (D:7)
  A jelly (D:6)
  2 orc priests (Orc:2)
  3 orc wizards (Orc:2)
  A gnoll (D:8)
  8 orcs
  A goblin (Bailey)
  2 hobgoblins (Bailey)
  A kobold (D:9)
49 creatures vanquished.

Vanquished Creatures (others)
  2 dream sheep (Lair:5)
  A warg (Orc:1)
  6 hexers
  3 ancestors (D:7)
  12 fungi
  29 plants
53 creatures vanquished.

Grand Total: 760 creatures vanquished

Table legend:
 A = Non-vault XP
 B = Vault XP
 C = Vault XP percentage of total XP
 D = Non-vault monster count
 E = Vault monster count
 F = Vault count percentage of total count
                 A         B        C        D         E       F
            +---------+---------+-------+---------+---------+-------
      Total |   80308 |   31714 |  28.3 |     495 |     209 |  29.7
            +---------+---------+-------+---------+---------+-------
        D:1 |      40 |       0 |   0.0 |      23 |       0 |   0.0
        D:2 |      92 |       0 |   0.0 |      23 |       0 |   0.0
        D:3 |      49 |       0 |   0.0 |      13 |       0 |   0.0
        D:4 |     365 |      73 |  16.7 |      26 |      13 |  33.3
        D:5 |     782 |     664 |  45.9 |      15 |       7 |  31.8
        D:6 |     634 |       0 |   0.0 |      15 |       0 |   0.0
        D:7 |    2885 |     388 |  11.9 |      27 |       3 |  10.0
        D:8 |    1385 |     902 |  39.4 |      28 |       5 |  15.2
        D:9 |    4403 |     668 |  13.2 |      28 |      10 |  26.3
       D:10 |    2903 |     131 |   4.3 |      17 |       6 |  26.1
       D:11 |    1703 |    2383 |  58.3 |       7 |       8 |  53.3
       D:12 |    3131 |       0 |   0.0 |      10 |       0 |   0.0
       D:13 |    5485 |    4543 |  45.3 |      14 |       7 |  33.3
       D:14 |    3893 |       0 |   0.0 |      10 |       0 |   0.0
     Lair:1 |    1316 |       0 |   0.0 |       8 |       0 |   0.0
     Lair:2 |    5909 |     298 |   4.8 |      23 |       2 |   8.0
     Lair:3 |    9327 |       0 |   0.0 |      45 |       0 |   0.0
     Lair:4 |    4037 |     550 |  12.0 |      16 |       3 |  15.8
     Lair:5 |    3889 |    1943 |  33.3 |      15 |      11 |  42.3
     Lair:6 |   16334 |   11687 |  41.7 |      46 |      31 |  40.3
   Spider:1 |    4283 |       0 |   0.0 |      18 |       0 |   0.0
      Orc:1 |    4183 |       0 |   0.0 |      26 |       0 |   0.0
      Orc:2 |    3280 |    5306 |  61.8 |      42 |      35 |  45.5
      Sewer |       0 |     345 | 100.0 |       0 |      28 | 100.0
     Bailey |       0 |    1833 | 100.0 |       0 |      40 | 100.0
            +---------+---------+-------+---------+---------+-------

Illustrated notes

Table legend:
 A = Kills in this place as a percentage of kills in entire the game.
 B = Kills by you in this place as a percentage of kills by you in the entire game.
 C = Kills by friends in this place as a percentage of kills by friends in the entire game.
 D = Other kills in this place as a percentage of other kills in the entire game.
 E = Experience gained in this place as a percentage of experience gained in the entire game.
 F = Experience gained in this place divided by the number of levels of this place that you have seen.
                   A       B       C       D       E      F
               +-------+-------+-------+-------+-------+----------------------
         Total | 100.0 | 100.0 | 100.0 | 100.0 | 100.0 | 4480.9
       Dungeon |  44.7 |  45.5 |  36.7 |   0.0 |  33.5 | 2678.7
          Lair |  28.4 |  28.8 |  22.4 |  50.0 |  49.4 | 9215.0
   Spider Nest |   2.6 |   2.5 |   4.1 |   0.0 |   3.8 | 4283.0
  Orcish Mines |  14.6 |  13.9 |  22.4 |  50.0 |  11.4 | 6384.5
         Sewer |   4.0 |   4.3 |   0.0 |   0.0 |   0.3 | 345.0
        Bailey |   5.7 |   5.1 |  14.3 |   0.0 |   1.6 | 1833.0
               +-------+-------+-------+-------+-------+----------------------

Table legend: (Time is in decaauts)
 A = Elapsed time spent in this place.
 B = Non-inter-level travel time spent in this place.
 C = Inter-level travel time spent in this place.
 D = Time resting spent in this place.
 E = Time spent auto-exploring this place.
 F = Levels seen in this place.
 G = Mean time per level.
                   A        B        C        D        E       F      G
               +--------+--------+--------+--------+--------+-----+--------+
         Total |  18428 |  16778 |   1650 |    467 |  12164 |  25 |  737.1 |
       Dungeon |  11516 |  10340 |   1176 |    299 |   7642 |  14 |  822.6 |
          Lair |   5034 |   4641 |    393 |    142 |   3610 |   6 |  839.0 |
   Spider Nest |     83 |     83 |      0 |      0 |      0 |   1 |   83.0 |
  Orcish Mines |   1251 |   1171 |     80 |      0 |    851 |   2 |  625.5 |
         Sewer |    316 |    316 |      0 |      0 |     60 |   1 |  316.0 |
        Bailey |    226 |    226 |      0 |     26 |      0 |   1 |  226.0 |
               +--------+--------+--------+--------+--------+-----+--------+

Top non-repeatable levels by time:
     D:4: 1174 daAuts
     D:1: 1168 daAuts
  Lair:6: 1077 daAuts
  Lair:3: 1027 daAuts
  Lair:4: 993 daAuts
     D:7: 993 daAuts
    D:13: 931 daAuts
     D:9: 905 daAuts
    D:11: 898 daAuts
     D:2: 898 daAuts
     D:5: 864 daAuts
     D:3: 849 daAuts
   Orc:2: 760 daAuts
  Lair:1: 742 daAuts
     D:6: 739 daAuts
